 Dungeon Crawl Stone Soup version 0.32-a0-814-g0968bab981 (webtiles) character file.

Game seed: 10004748072484757092

462 Orlauf the Trooper (level 6, -6/52 HPs)
             Began as a Demonspawn Gladiator on Mar 22, 2024.
             Was a Believer of Uskayaw.
             Mangled by a wyvern (7 damage)
             ... on level 5 of the Dungeon.
             The game lasted 00:06:05 (3703 turns).

Orlauf the Trooper (Demonspawn Gladiator)           Turns: 3703, Time: 00:06:05

Health: -6/52      AC: 12    Str: 17    XL:     6   Next: 79%
Magic:  6/6        EV:  7    Int:  8    God:    Uskayaw [**....]
Gold:   167        SH:  4    Dex: 14    Spells: 5/5 levels left

rFire   . . .        a - +1 war axe
rCold   + . .        (no shield)
rNeg    . . .        u - +0 chain mail
rPois   .            c - +0 helmet
rElec   .            y - +1 cloak
rCorr   +            x - +0 pair of gloves
SInv    .            (no boots)
Will    .....        (no amulet) Stlth
                     m - ring of resist corrosion
HPRegen 0.28/turn    p - ring of protection from cold
MPRegen 0.10/turn

%: no passive effects
@: hasted, very quick
A: large bone plates 1, demonic guardian 1
a: Renounce Religion, Stomp, Line Pass


You were on level 5 of the Dungeon.
You worshipped Uskayaw.
Uskayaw was noncommittal.
You visited 2 branches of the dungeon, and saw 6 of its levels.

You collected 239 gold pieces.
You spent 72 gold pieces at shops.

Inventory:

Hand Weapons
 a - a +1 war axe (weapon)
 b - a +0 mace
Missiles
 d - 2 throwing nets (quivered)
 e - a javelin
 g - 5 poisoned darts
Armour
 c - a +0 helmet (worn)
 q - a +0 cloak
 u - a +0 chain mail (worn)
 x - a +0 pair of gloves (worn)
 y - a +1 cloak (worn)
Jewellery
 i - a +6 ring of intelligence
 m - a ring of resist corrosion (left hand)
 p - a ring of protection from cold (right hand)
Scrolls
 h - 5 scrolls of teleportation
 k - 2 scrolls of noise
 s - a scroll of enchant weapon
 z - a scroll of identify
Potions
 f - 3 potions of cancellation
 j - a potion of mutation
 n - a potion of invisibility
 o - a potion of heal wounds
 r - a potion of berserk rage {unknown}
 t - 2 potions of lignification
 v - 2 potions of enlightenment
 w - a potion of attraction


   Skills:
 * Level 6.0 Fighting
 + Level 4.5 Axes
 - Level 1.7 Throwing
 - Level 2.6 Dodging
 + Level 1.1 Invocations


You had 5 spell levels left.
You didn't know any spells.
Your spell library contained the following spells:

 Spells                   Type           Power      Damage    Failure   Level
 Animate Armour           Summ/Erth      0%         N/A       100%        4
 Summon Lightning Spire   Summ/Air       0%         N/A       100%        4
 Lee's Rapid Deconstruct  Erth           0%         3d4*      100%        5


Dungeon Overview and Level Annotations

Branches:
Dungeon (5/15)             Temple (1/1) D:4

Altars:
Ashenzari
Gozag
Hepliaklqana
Kikubaaqudgha
Makhleb
Nemelex Xobeh
Sif Muna
Uskayaw
Wu Jian
Yredelemnul

Shops:
D:2 !   D:3 [(   D:5 =?

Annotations:
D:3 1 runed translucent door, inkslinger's ghost, weakling DEHW


Innate Abilities, Weirdness & Mutations

You are partially covered in large bone plates. (SH +4)
A weak demonic guardian rushes to your aid.


Message History

You block the wyvern's attack.
The orc hits you from afar with a +1 trident of pain.
You can now pass through a line of other dancers.
You hit the wyvern.
The wyvern is moderately wounded.
The wyvern bites you.
The orc hits you from afar with a +1 trident of pain.
The wyvern bites you but does no damage.
The orc hits you with a +0 flail! The orc hits you but does no damage. x2
You writhe in agony.
* * * LOW HITPOINT WARNING * * *
Okay, then.
You feel much better. The wyvern bites you. The wyvern barely misses you.
The orc barely misses you. The orc hits you but does no damage.
The orc barely misses you.
You feel yourself speed up. The wyvern barely misses you.
The orc hits you with a +0 flail. The orc hits you but does no damage.
The orc barely misses you.
You hit the wyvern but do no damage.
The wyvern is moderately wounded.
You slash the orc!
You kill the orc!
The wyvern bites you.
You closely miss the wyvern.
The wyvern is moderately wounded.
The wyvern bites you. The orc hits you but does no damage.
The orc hits you from afar with a +1 trident of pain.
The wyvern bites you!
* * * LOW HITPOINT WARNING * * *
You slash the wyvern!
The wyvern is heavily wounded.
You hit the orc. The orc hits you but does no damage.
The orc hits you from afar with a +0 trident.
* * * LOW HITPOINT WARNING * * *
A demonic guardian appears!
The orc hits you from afar with a +1 trident of pain.
* * * LOW HITPOINT WARNING * * *
The wyvern bites you!
You die...
Your body falls in perfect tune with the rhythm.

##. ....# #.......
#....... #...#..##
#...#... #...oow#
#....ko##.# ##+#
#..5.@)..$# ##...##
#####.##### ##.....###
#..## ##.......#.
###...####..........
##........+..........
##.#....####.......∩..
#.#....## #.......#.
##...### ##.....##.
##.## ##...####


You could see a wyvern, a dart slug, 3 orcs and a friendly shadow imp
(summoned).

Vanquished Creatures
  A phantom (D:4)
  2 vampire bats (D:4)
  2 bombardier beetles
  A hound (D:4)
  Crazy Yiuf (D:4)
  A sleepcap (D:3)
  An iguana (D:4)
  A hound zombie (D:3)
  3 adders (D:3)
  A shadow imp (D:5)
  An adder zombie (D:3)
  2 dart slugs
  2 orcs (D:5)
  3 bat skeletons (D:4)
  3 bat zombies (D:4)
  3 endoplasms
  3 giant cockroaches (D:2)
  7 hobgoblins
  7 kobolds
  A quokka (D:4)
  6 ball pythons
  A ball python zombie (D:3)
  7 bats
  6 frilled lizards
  2 goblins
  A quokka zombie (D:3)
  4 rats
73 creatures vanquished.

Vanquished Creatures (collateral kills)
  A ribbon worm (D:2)
  A kobold (D:1)
  A frilled lizard (D:2)
3 creatures vanquished.

Grand Total: 76 creatures vanquished

Notes
Turn   | Place    | Note
-------+----------+-------------------------------------------
     0 | D:1      | Orlauf the Demonspawn Gladiator began the quest for the
                  | Orb.
     0 | D:1      | Reached XP level 1. HP: 16/16 MP: 1/1
   214 | D:1      | Gained mutation: A weak demonic guardian rushes to your
                  | aid. [demonic ancestry]
   214 | D:1      | Reached XP level 2. HP: 23/23 MP: 2/2
   221 | D:1      | Found a faded altar of an unknown god.
   973 | D:2      | Reached skill level 3 in Fighting
  1028 | D:2      | Gained mutation: You are partially covered in large bone
                  | plates. (SH +4) [demonic ancestry]
  1028 | D:2      | Reached XP level 3. HP: 29/29 MP: 3/3
  1359 | D:2      | Found Begy's Distillery.
  1367 | D:2      | Bought a potion of heal wounds for 60 gold pieces
  1367 | D:2      | Bought a potion of degeneration for 12 gold pieces
  1641 | D:3      | Reached XP level 4. HP: 37/37 MP: 4/4
  1703 | D:3      | Reached skill level 4 in Fighting
  1825 | D:3      | Found a runed translucent door.
  1826 | D:3      | Noticed inkslinger's ghost (weakling DEHW)
  1878 | D:3      | Found Galokaw's Armour Emporium.
  1967 | D:3      | Found a basalt altar of Yredelemnul.
  2031 | D:3      | Reached XP level 5. HP: 23/43 MP: 5/5
  2240 | D:3      | Found Ageimin's Antique Weapon Shoppe.
  2447 | D:4      | Noticed a phantom
  2465 | D:4      | Killed a phantom
  2466 | D:4      | Reached skill level 5 in Fighting
  2467 | D:4      | Reached XP level 6. HP: 42/51 MP: 6/6
  2565 | D:4      | Found a hazy altar of Hepliaklqana.
  2669 | D:4      | Found a runed translucent door.
  2670 | D:4      | Noticed Crazy Yiuf
  2781 | D:4      | Found an ancient bone altar of Kikubaaqudgha.
  2998 | D:4      | Found a staircase to the Ecumenical Temple.
  3272 | Temple   | Entered the Ecumenical Temple
  3280 | Temple   | Became a worshipper of Uskayaw the Reveller
  3343 | D:4      | Reached * piety under Uskayaw
  3345 | D:4      | Killed Crazy Yiuf
  3345 | D:4      | Reached ** piety under Uskayaw
  3388 | D:5      | Entered Level 5 of the Dungeon
  3630 | D:5      | Found Weti's Magic Scroll Shoppe.
  3637 | D:5      | Found Ruesuh's Jewellery Shop.
  3690 | D:5      | Reached skill level 6 in Fighting
  3690 | D:5      | Reached skill level 1 in Invocations
  3694 | D:5      | Noticed a wyvern
  3703 | D:5      | HP: 1/52 [orc/+1 trident of pain (5)]
  3703 | D:5      | Mangled by a wyvern

Illustrated notes

Levels and vault maps discovered:
D:1:      nzn_arrival_settlement, layout_rooms,
          ebering_ecumenical_altar_petrified, serial_bayou, serial_bayou_ford_a,
          serial_bayou_lagoon_b, serial_bayou_pond_d, serial_bayou_pond_d,
          serial_bayou_pond_b
D:2:      layout_basic, serial_shops, shop, minmay_lizard_pond
D:3:      layout_rooms, nicolae_yredelemnul_corpse_copse, gammafunk_ghost_grave,
          serial_shops, shop, nicolae_shop_back_alley_shop
D:4:      layout_basic, kennysheep_vampire_church, mainiacjoe_overflow_alcove_2,
          minmay_temple_entry_glass, uniq_crazy_yiuf_cottage
D:5:      layout_loops_corners, kennysheep_mini, serial_shops, shop, shop
Temple:   nicolae_temple_two_arcs

Skill      XL: |  1  2  3  4  5  6 |
---------------+-------------------+-----
Axes           | 3 4 |  4.5
Fighting       | 3 4 5 6 |  6.0
Invocations    | 1 |  1.1
Throwing       | |  1.7
Dodging        | |  2.6

Action                     |  1- 3 |  4- 6 || total
---------------------------+-------+-------++-------
  Melee: War axe           |   106 |   148 ||   254
  Throw: Throwing net      |       |     3 ||     3
    Use: Scroll            |     3 |     8 ||    11
         Potion            |       |     2 ||     2
   Stab: Held in net/web   |       |     2 ||     2
 Armour: Leather armour    |    20 |       ||    20
         Chain mail        |    96 |   161 ||   257
  Dodge: Dodged            |    52 |    80 ||   132
  Block: Other             |     9 |    30 ||    39

Table legend: (Time is in decaauts)
 A = Elapsed time spent in this place.
 B = Non-inter-level travel time spent in this place.
 C = Inter-level travel time spent in this place.
 D = Time resting spent in this place.
 E = Time spent auto-exploring this place.
 F = Levels seen in this place.
 G = Mean time per level.
                   A        B        C        D        E       F      G
               +--------+--------+--------+--------+--------+-----+--------+
         Total |   3798 |   3582 |    216 |    212 |   2665 |   6 |  633.0 |
       Dungeon |   3782 |   3575 |    207 |    212 |   2665 |   5 |  756.4 |
        Temple |     16 |      8 |      8 |      0 |      0 |   1 |   16.0 |
               +--------+--------+--------+--------+--------+-----+--------+

Top non-repeatable levels by time:
     D:4: 1033 daAuts
     D:3: 897 daAuts
     D:1: 811 daAuts
     D:2: 721 daAuts
     D:5: 318 daAuts
  Temple: 16 daAuts
